 Dungeon Crawl Stone Soup version 0.28-a0-80-g9707f7362f (webtiles) character file.

Game seed: 14365131795397675137

212 Zeld the Chiller (level 5, -1/23 (29) HPs)
             Began as a Deep Elf Ice Elementalist on Aug 4, 2021.
             Slain by a necrophage (5 damage)
             ... on level 2 of the Dungeon.
             The game lasted 00:09:36 (6988 turns).

Zeld the Chiller (Deep Elf Ice Elementalist)        Turns: 6988, Time: 00:09:37

HP:   -1/23 (29)    AC:  4    Str:  5    XL:     5   Next: 58%
MP:   13/13         EV: 13    Int: 21    God:
Gold: 228           SH:  0    Dex: 15    Spells: 1/12 levels left

rFire   . . .      SeeInvis .   a - +0 short sword
rCold   . . .      Faith    .   (no shield)
rNeg    . . .      Spirit   .   m - +0 robe
rPois   .          Reflect  .   (no helmet)
rElec   .          Harm     .   g - +0 cloak
rCorr   .          Rampage  .   j - +0 pair of gloves
Will    .....                   (no boots)
Stlth   +++.......              (no amulet)
HPRegen 0.07/turn               (no ring)
MPRegen 0.13/turn               (no ring)

@: heavily drained
A: no striking features
a: no special abilities


You were on level 2 of the Dungeon.
You visited 2 branches of the dungeon, and saw 5 of its levels.

You collected 228 gold pieces.

Inventory:

Hand Weapons
 a - a +0 short sword (weapon)
Armour
 g - a +0 cloak (worn)
 j - a +0 pair of gloves (worn)
 m - a +0 robe (worn)
Jewellery
 e - a ring of willpower
 i - a ring of wizardry
Wands
 n - a wand of acid (4)
Scrolls
 c - a scroll of teleportation {unknown}
 d - a scroll of amnesia {unknown}
 f - 2 scrolls of identify {unknown}
 h - a scroll of summoning {unknown}
 l - a scroll of magic mapping {unknown}
 o - a scroll of holy word {unknown}
Potions
 b - 2 potions of haste {unknown}
 k - a potion of heal wounds {unknown}


   Skills:
 + Level 1.5 Fighting
 + Level 3.5 Dodging
 + Level 3.7 Stealth
 + Level 4.3 Spellcasting
 * Level 5.6 Ice Magic


You had one spell level left.
You knew the following spells:

 Your Spells              Type           Power      Damage    Failure   Level
a - Freeze                Ice            100%       1d11      1%          1
b - Frozen Ramparts       Ice            56%        1d7       3%          3
c - Ozocubu's Armour      Ice            28%        N/A       3%          3
d - Hailstorm             Conj/Ice       16%        3d6       36%         4

Your spell library contained the following spells:

 Spells                   Type           Power      Damage    Failure   Level
 Magic Dart               Conj           16%        1d3       12%         1
 Call Imp                 Summ           4%         N/A       19%         2
 Mephitic Cloud           Conj/Pois/Air  4%         N/A       34%         3


Dungeon Overview and Level Annotations

Branches:
Dungeon (4/15)             Temple (1/1) D:4

Altars:
Ashenzari
Cheibriados
Dithmenos
Gozag
Makhleb
Nemelex Xobeh
Okawaru
Qazlal
Ru
Trog
Uskayaw
Wu Jian
Xom
Yredelemnul
Zin

Annotations:
D:3 3 runed translucent doors, Hubris850's ghost, amateur MiHu
D:4 Grinder


Message History

Confirm with . or Enter, or press ? or * to list all spells.
Aiming: Freeze (safe; 1% risk of failure)
Press: ? - help, Shift-Dir - straight line, f/p - necrophage
Aim: a necrophage You freeze the necrophage.
The necrophage resists.
The necrophage is lightly damaged.
The necrophage hits you.
Unknown command.
Casting: Freeze (safe; 1% risk of failure)
Confirm with . or Enter, or press ? or * to list all spells.
Aiming: Freeze (safe; 1% risk of failure)
Press: ? - help, Shift-Dir - straight line, f/p - necrophage
Aim: a necrophage (lightly damaged)
You freeze the necrophage.
The necrophage resists.
The necrophage is lightly damaged.
The necrophage barely misses you.
Unknown command.
Casting: Freeze (safe; 1% risk of failure)
Confirm with . or Enter, or press ? or * to list all spells.
Aiming: Freeze (safe; 1% risk of failure)
Press: ? - help, Shift-Dir - straight line, f/p - necrophage
Aim: a necrophage (lightly damaged)
You freeze the necrophage.
The necrophage resists.
The necrophage is lightly damaged.
The necrophage hits you.
Your magical contamination has completely faded away.
There is a stone staircase leading down here.
The necrophage hits you. The necrophage hits you.
There is a stone staircase leading down here.
The necrophage hits you.
There is a stone staircase leading down here.
The necrophage hits you.
There is a stone staircase leading up, spattered with blood here.
The necrophage hits you.
* * * LOW HITPOINT WARNING * * *
You climb upwards.
There is a stone staircase leading down here.
The necrophage hits you.
You die...

.#.######.#..###.### #.#......
.#........##.......# #.#......
.†.#########..##.#.# #.#......
...#########..##.#.# #.#......
...........#.......######.#....).
......####.#.#............#......
#.....# #.#.#...##########......
#.....####.#.................##..
#..............n@###########.##..
#...............># #.....
#...............## #...##
#...............# #...#.
#...............# #.....
#...........^...# #...#.
#...............# #####...##
######..........# #..(#.....
#..........# #.#>#..##.


You could see a necrophage.

Vanquished Creatures
  A scorpion (D:4)
  An orc priest (D:4)
  A gnoll (D:1)
  3 worms
  2 dart slugs
  4 orcs
  6 ball pythons
  11 bats
  6 endoplasms
  3 giant cockroaches
  4 goblins
  7 hobgoblins
  17 jackals
  9 kobolds
  3 quokkas
  6 frilled lizards
  5 rats
89 creatures vanquished.

Notes
Turn   | Place    | Note
-------+----------+-------------------------------------------
     0 | D:1      | Zeld the Deep Elf Ice Elementalist began the quest for the
                  | Orb.
     0 | D:1      | Reached XP level 1. HP: 10/10 MP: 6/6
   108 | D:1      | Reached XP level 2. HP: 9/15 MP: 1/8
   569 | D:1      | Reached XP level 3. HP: 15/20 MP: 7/9
   573 | D:1      | Learned a level 3 spell: Frozen Ramparts
   951 | D:1      | Found a faded altar of an unknown god.
  1399 | D:2      | Learned a level 3 spell: Ozocubu's Armour
  1408 | D:2      | Reached skill level 5 in Ice Magic
  1806 | D:2      | Noticed a phantom
  2255 | D:1      | Reached XP level 4. HP: 15/24 MP: 2/11
  2491 | D:2      | Reached skill level 1 in Fighting
  3233 | D:3      | Found a runed translucent gate.
  3234 | D:3      | Found a runed translucent gate.
  3234 | D:3      | Found an opulent altar of Gozag.
  3235 | D:3      | Found a runed translucent gate.
  3240 | D:3      | Noticed Hubris850's ghost (amateur MiHu)
  3869 | D:3      | Found a stormy altar of Qazlal.
  3869 | D:3      | Found a faded altar of an unknown god.
  3877 | D:3      | Found a sacrificial altar of Ru.
  3879 | D:3      | Found a bloodstained altar of Trog.
  3881 | D:3      | Found a hide-covered altar of Uskayaw.
  4429 | D:4      | Noticed a scorpion
  4433 | D:4      | Killed a scorpion
  4434 | D:4      | Reached XP level 5. HP: 29/29 MP: 10/13
  4462 | D:4      | Learned a level 4 spell: Hailstorm
  4644 | D:4      | Found an iron altar of Okawaru.
  5079 | D:4      | Found a staircase to the Ecumenical Temple.
  5736 | Temple   | Entered the Ecumenical Temple
  6281 | D:4      | Noticed Grinder
  6485 | D:4      | Noticed a necrophage
  6988 | D:2      | Slain by a necrophage

Illustrated notes

Levels and vault maps discovered:
D:1:      sevenhm_arrival_forest_fort_large_2, layout_loops_cross,
          ebering_ecumenical_altar_sacrificial, chequers_serial_rivers_small_3
D:2:      layout_basic, hangedman_decor_clover_reticule
D:3:      layout_basic, chequers_temple_overflow_minitemple,
          ebering_ghost_gozag, guppyfry_early_orc_mine
D:4:      layout_gridville, okawaru_gym_becter,
          minmay_temple_entry_proselytizer, minmay_stone_trees_small,
          uniq_grinder
Temple:   compressed_dpeg_triangle_lava_temple

Skill      XL: |  1  2  3  4 |
---------------+-------------+-----
Stealth        | 3 |  3.7
Ice Magic      | 5 |  5.6
Dodging        | 3 |  3.5
Fighting       | 1 |  1.5
Spellcasting   | 4 |  4.3

Action                   |  1- 3 |  4- 6 || total
-------------------------+-------+-------++-------
Melee: Unarmed           |    12 |    12 ||    24
 Cast: Freeze            |    74 |    91 ||   165
       Frozen Ramparts   |       |     1 ||     1
       Ozocubu's Armour  |       |     4 ||     4
Armor: Robe              |    16 |    34 ||    50
Dodge: Dodged            |    61 |   103 ||   164

Table legend: (Time is in decaauts)
 A = Elapsed time spent in this place.
 B = Non-inter-level travel time spent in this place.
 C = Inter-level travel time spent in this place.
 D = Time resting spent in this place.
 E = Time spent auto-exploring this place.
 F = Levels seen in this place.
 G = Mean time per level.
                   A        B        C        D        E       F      G
               +--------+--------+--------+--------+--------+-----+--------+
         Total |   7006 |   6574 |    432 |   1999 |   3223 |   5 | 1401.2 |
       Dungeon |   6726 |   6296 |    430 |   1871 |   3077 |   4 | 1681.5 |
        Temple |    280 |    278 |      2 |    128 |    146 |   1 |  280.0 |
               +--------+--------+--------+--------+--------+-----+--------+

Top non-repeatable levels by time:
     D:3: 2714 daAuts
     D:1: 1866 daAuts
     D:2: 1244 daAuts
     D:4: 900 daAuts
  Temple: 280 daAuts
